General information
- name: BNet
- type: Ladder team game (AT/RT)
- host: Battle.net
- saver: HAWTL00Tt(=_=t)
map: Battleground
- players: 8
- length: 33:30
- speed: Fast
- version: 1.28 W3XP
- replay type: Public
» download(288 KB)
Players
team 1 (loser)
airforlife (
yellow | 44 APM | 538 actions | 12:21)
3 Paladin
2 Holy Light
1 Divine Shield
1 Mountain King
1 Storm Bolt
» actions
| Assign group hotkey | 44 | |
| Basic commands | 21 | |
| Build / train | 47 | |
| Enter build submenu | 14 | |
| Enter hero's abilities submenu | 4 | |
| Give item / drop item | 1 | |
| Right click | 168 | |
| Select / deselect | 93 | |
| Select group hotkey | 114 | |
| Use ability | 32 | |
538 total
» units
» upgrades
| Masonry | 1 | |
| Gunpowder | 1 | |
| Lumber Harvesting | 1 | |
| Long Rifles | 1 | |
4 total
» buildings
| Altar of Kings | 1 | |
| Farm | 7 | |
| Blacksmith | 1 | |
| Barracks | 1 | |
| Scout Tower | 3 | |
| Arcane Tower | 1 | |
| Lumber Mill | 1 | |
| Guard Tower | 2 | |
| Arcane Vault | 1 | |
| Keep | 1 | |
| Castle | 1 | |
| Arcane Sanctum | 1 | |
21 total
» build order
00:09 Altar of Kings
00:18 Farm
00:56 Blacksmith
01:31 Barracks
01:51 Farm
01:58 Scout Tower
02:28 Arcane Tower
02:32 Farm
02:36 Lumber Mill
03:07 Scout Tower
03:40 Guard Tower
03:45 Scout Tower
03:58 Farm
03:59 Farm
04:01 Farm
04:03 Farm
04:18 Guard Tower
04:26 Arcane Vault
04:58 Keep
07:40 Castle
12:06 Arcane Sanctum
» items
| Scroll of Regeneration | 1 | |
| Lesser Clarity Potion | 1 | |
2 total

»
MaTiX- (
teal | 66 APM | 816 actions | 12:19)
3 Tauren Chieftain
2 War Stomp
1 Endurance Aura
2 Shadow Hunter
1 Healing Wave
1 Hex
» actions
| Assign group hotkey | 11 | |
| Build / train | 41 | |
| Enter build submenu | 11 | |
| Enter hero's abilities submenu | 5 | |
| Give item / drop item | 2 | |
| Right click | 376 | |
| Select / deselect | 207 | |
| Select group hotkey | 133 | |
| Use ability | 30 | |
816 total
» units
| Peon | 8 | |
| Troll Headhunter/Berserker | 14 | |
22 total
» upgrades
| Ranged Weapons | 2 | |
| Armor | 1 | |
| Troll Regeneration | 1 | |
| Witch Doctor Training | 1 | |
5 total
» buildings
| War Mill | 1 | |
| Orc Burrow | 4 | |
| Barracks | 1 | |
| Altar of Storms | 1 | |
| Voodoo Lounge | 1 | |
| Stronghold | 1 | |
| Spirit Lodge | 1 | |
10 total
» build order
00:16 War Mill
00:19 Orc Burrow
00:43 Barracks
01:20 Altar of Storms
01:48 Orc Burrow
02:28 Voodoo Lounge
03:09 Orc Burrow
04:17 Stronghold
05:21 Orc Burrow
06:43 Spirit Lodge
» items
| Healing Salve | 1 | |
| Lesser Clarity Potion | 3 | |
| Scroll of Town Portal | 2 | |
6 total
wombat (
blue | 71 APM | 872 actions | 12:13)
3 Archmage
2 Summon Water Elemental
1 Brilliance Aura
» actions
| Assign group hotkey | 26 | |
| Basic commands | 36 | |
| Build / train | 41 | |
| ESC pressed | 3 | |
| Enter build submenu | 23 | |
| Enter hero's abilities submenu | 3 | |
| Give item / drop item | 2 | |
| Right click | 186 | |
| Select / deselect | 181 | |
| Select group hotkey | 319 | |
| Use ability | 52 | |
872 total
» units
| Peasant | 11 | |
| Footman | 11 | |
| Sorceress | 1 | |
23 total
» upgrades
» buildings
| Farm | 9 | |
| Altar of Kings | 1 | |
| Lumber Mill | 1 | |
| Scout Tower | 3 | |
| Barracks | 2 | |
| Arcane Tower | 1 | |
| Arcane Vault | 1 | |
| Guard Tower | 1 | |
| Keep | 1 | |
| Castle | 1 | |
| Arcane Sanctum | 2 | |
23 total
» build order
00:05 Farm
00:35 Altar of Kings
00:40 Lumber Mill
00:53 Scout Tower
01:10 Barracks
01:40 Farm
02:03 Farm
02:09 Farm
02:19 Arcane Tower
03:06 Scout Tower
03:07 Scout Tower
03:15 Arcane Vault
03:48 Guard Tower
04:12 Farm
04:58 Farm
04:58 Farm
06:25 Farm
06:57 Keep
07:06 Farm
08:50 Barracks
09:27 Castle
09:31 Arcane Sanctum
09:33 Arcane Sanctum
» items
| Scroll of Regeneration | 3 | |
| Lesser Clarity Potion | 3 | |
| Boots of Speed | 1 | |
7 total
DURANTS-A-THUG (
green | 72 APM | 2420 actions | 33:26)
5 Blademaster
3 Wind Walk
2 Critical Strike
» actions
| Assign group hotkey | 40 | |
| Basic commands | 81 | |
| Build / train | 87 | |
| Enter build submenu | 37 | |
| Enter hero's abilities submenu | 5 | |
| Give item / drop item | 1 | |
| Remove unit from queue | 1 | |
| Right click | 935 | |
| Select / deselect | 226 | |
| Select group hotkey | 833 | |
| Use ability | 174 | |
2420 total
» units
| Peon | 15 | |
| Troll Batrider | 24 | |
| Raider | 5 | |
44 total
» upgrades
| Ranged Weapons | 1 | |
| Armor | 1 | |
| Reinforced Defenses | 1 | |
| Liquid Fire | 1 | |
| Sorceress Training | 1 | |
| Melee Weapons | 2 | |
| Pillage | 1 | |
| Ensnare | 1 | |
9 total
» buildings
| Altar of Storms | 1 | |
| Orc Burrow | 4 | |
| War Mill | 1 | |
| Voodoo Lounge | 1 | |
| Watch Tower | 16 | |
| Stronghold | 2 | |
| Beastiary | 3 | |
| Fortress | 1 | |
| Town Hall | 1 | |
| Scout Tower | 12 | |
| Great Hall | 2 | |
| Guard Tower | 4 | |
| Altar of Kings | 1 | |
49 total
» build order
00:06 Altar of Storms
00:19 Orc Burrow
00:38 War Mill
01:13 Voodoo Lounge
01:53 Watch Tower
02:07 Watch Tower
02:33 Watch Tower
03:17 Stronghold
03:17 Stronghold
03:27 Watch Tower
04:45 Orc Burrow
04:55 Watch Tower
04:56 Watch Tower
05:15 Orc Burrow
05:18 Orc Burrow
05:43 Beastiary
05:48 Beastiary
06:39 Fortress
07:15 Watch Tower
07:20 Watch Tower
12:14 Watch Tower
13:29 Watch Tower
15:15 Watch Tower
15:24 Watch Tower
17:06 Watch Tower
17:06 Watch Tower
18:24 Watch Tower
18:24 Watch Tower
19:07 Town Hall
22:02 Scout Tower
22:03 Scout Tower
22:03 Scout Tower
22:40 Great Hall
24:44 Guard Tower
24:47 Scout Tower
24:47 Scout Tower
24:48 Scout Tower
24:49 Scout Tower
24:49 Scout Tower
24:49 Scout Tower
26:36 Guard Tower
26:36 Guard Tower
26:39 Scout Tower
26:39 Scout Tower
26:40 Scout Tower
27:29 Beastiary
29:08 Guard Tower
29:12 Altar of Kings
29:54 Great Hall
» items
| Healing Salve | 2 | |
| Lesser Clarity Potion | 7 | |
| Staff of Teleportation | 1 | |
| Potion of Mana | 2 | |
| Scroll of Town Portal | 2 | |
| Orb of Lightning | 1 | |
| Potion of Lesser Invulnerability | 1 | |
16 total
team 2 (winner)
pbg123456789 (
pink | 89 APM | 1957 actions | 22:04)
5 Archmage
3 Summon Water Elemental
2 Brilliance Aura
2 Paladin
1 Holy Light
1 Devotion Aura
3 Mountain King
2 Storm Bolt
1 Bash
» actions
| Assign group hotkey | 32 | |
| Basic commands | 4 | |
| Build / train | 71 | |
| ESC pressed | 1 | |
| Enter build submenu | 29 | |
| Enter hero's abilities submenu | 11 | |
| Give item / drop item | 4 | |
| Right click | 822 | |
| Select / deselect | 400 | |
| Select group hotkey | 428 | |
| Use ability | 155 | |
1957 total
» units
| Peasant | 13 | |
| Footman | 4 | |
| Forest Troll Shadow Priest | 1 | |
| Forest Troll Berserker | 1 | |
| Spell Breaker | 2 | |
| Priest | 2 | |
| Sorceress | 3 | |
| Knight | 7 | |
| Dragonhawk Rider | 4 | |
37 total
» upgrades
| Defend | 1 | |
| Swords | 3 | |
| Plating | 3 | |
| Animal War Training | 1 | |
| Masonry | 1 | |
| Cloud | 1 | |
10 total
» buildings
| Altar of Kings | 2 | |
| Farm | 13 | |
| Barracks | 1 | |
| Scout Tower | 1 | |
| Arcane Tower | 2 | |
| Keep | 1 | |
| Arcane Vault | 2 | |
| Lumber Mill | 2 | |
| Arcane Sanctum | 2 | |
| Castle | 1 | |
| Blacksmith | 1 | |
| Town Hall | 1 | |
| Guard Tower | 1 | |
| Gryphon Aviary | 1 | |
31 total
» build order
00:35 Altar of Kings
00:50 Farm
00:52 Barracks
01:04 Farm
01:30 Farm
01:50 Farm
02:10 Scout Tower
02:42 Arcane Tower
04:11 Keep
04:38 Arcane Vault
04:39 Lumber Mill
05:32 Arcane Vault
05:45 Lumber Mill
06:41 Arcane Sanctum
06:42 Arcane Sanctum
06:45 Farm
06:56 Farm
07:42 Farm
07:43 Castle
09:15 Farm
09:16 Blacksmith
11:31 Town Hall
13:59 Guard Tower
14:00 Arcane Tower
15:13 Farm
16:00 Gryphon Aviary
17:32 Farm
18:24 Farm
18:24 Farm
19:04 Altar of Kings
19:13 Farm
» items
| Scroll of Regeneration | 1 | |
| Ivory Tower | 3 | |
4 total
TheJukeBox (
red | 103 APM | 1946 actions | 18:51)
4 Warden
2 Fan of Knives
2 Blink
2 Priestess of the Moon
1 Trueshot Aura
1 Searing Arrows
» actions
| Assign group hotkey | 32 | |
| Basic commands | 41 | |
| Build / train | 52 | |
| ESC pressed | 1 | |
| Enter build submenu | 17 | |
| Enter hero's abilities submenu | 6 | |
| Remove unit from queue | 2 | |
| Right click | 1213 | |
| Select / deselect | 361 | |
| Select group hotkey | 141 | |
| Use ability | 80 | |
1946 total
» units
| Wisp | 14 | |
| Huntress | 6 | |
| Archer | 6 | |
| Hippogryph | 5 | |
31 total
» upgrades
| Strength of the Moon | 2 | |
| Hippogryph Taming | 1 | |
| Improved Bows | 1 | |
4 total
» buildings
| Altar of Elders | 1 | |
| Moon Well | 5 | |
| Hunter's Hall | 1 | |
| Ancient of War | 2 | |
| Ancient of Wonders | 3 | |
| Ancient Protector | 1 | |
| Tree of Ages | 1 | |
| Ancient of Wind | 2 | |
| Tree of Life | 1 | |
17 total
» build order
00:12 Altar of Elders
00:20 Moon Well
01:24 Hunter's Hall
01:47 Ancient of War
01:59 Moon Well
02:21 Ancient of War
02:29 Ancient of Wonders
02:54 Ancient of Wonders
03:10 Moon Well
03:18 Ancient Protector
03:59 Moon Well
04:41 Tree of Ages
06:07 Ancient of Wonders
07:10 Ancient of Wind
07:13 Ancient of Wind
15:04 Tree of Life
15:37 Moon Well
» items
| Potion of Mana | 1 | |
| Lesser Clarity Potion | 1 | |
| Dust of Appearance | 1 | |
| Staff of Teleportation | 1 | |
| Potion of Lesser Invulnerability | 1 | |
| Potion of Invisibility | 1 | |
6 total
ApolloSC (
orange | 72 APM | 2399 actions | 33:26)
4 Tauren Chieftain
2 War Stomp
2 Endurance Aura
2 Shadow Hunter
1 Healing Wave
1 Hex
» actions
| Assign group hotkey | 32 | |
| Basic commands | 77 | |
| Build / train | 58 | |
| ESC pressed | 16 | |
| Enter build submenu | 40 | |
| Enter hero's abilities submenu | 6 | |
| Give item / drop item | 2 | |
| Remove unit from queue | 2 | |
| Right click | 1200 | |
| Select / deselect | 464 | |
| Select group hotkey | 412 | |
| Use ability | 90 | |
2399 total
» units
| Peon | 11 | |
| Troll Headhunter/Berserker | 17 | |
| Demolisher | 4 | |
32 total
» upgrades
| Ranged Weapons | 2 | |
| Armor | 2 | |
| Troll Regeneration | 1 | |
| Berserker Upgrade | 1 | |
| Reinforced Defenses | 1 | |
| Burning Oil | 1 | |
| Berserker Strength | 1 | |
9 total
» buildings
| Altar of Storms | 1 | |
| Orc Burrow | 8 | |
| War Mill | 2 | |
| Barracks | 2 | |
| Stronghold | 1 | |
| Voodoo Lounge | 1 | |
| Watch Tower | 24 | |
| Fortress | 1 | |
| Spirit Lodge | 2 | |
42 total
» build order
00:17 Altar of Storms
00:27 Orc Burrow
01:04 War Mill
01:31 Orc Burrow
01:56 Barracks
02:04 Barracks
03:34 Orc Burrow
03:59 Orc Burrow
04:57 Stronghold
05:11 Voodoo Lounge
06:00 Orc Burrow
07:11 Watch Tower
07:12 Watch Tower
07:13 Watch Tower
07:14 Watch Tower
09:13 Fortress
09:29 Watch Tower
09:30 Watch Tower
09:46 Spirit Lodge
09:47 Spirit Lodge
10:56 Watch Tower
10:57 Watch Tower
12:06 Orc Burrow
12:09 Watch Tower
12:10 Watch Tower
13:20 Watch Tower
13:20 Watch Tower
14:30 War Mill
14:45 Watch Tower
14:46 Watch Tower
14:56 Orc Burrow
14:58 Watch Tower
14:59 Watch Tower
15:28 Watch Tower
15:55 Watch Tower
17:23 Watch Tower
17:23 Watch Tower
17:25 Watch Tower
17:27 Watch Tower
17:30 Watch Tower
17:31 Watch Tower
18:40 Orc Burrow
» items
| Healing Salve | 1 | |
| Scroll of Town Portal | 1 | |
| Boots of Speed | 1 | |
| Orb of Lightning | 1 | |
4 total
HAWTL00Tt(=_=t) (
purple | 67 APM | 2244 actions | 33:30)
6 Blademaster
3 Wind Walk
2 Critical Strike
1 Bladestorm
» actions
| Assign group hotkey | 224 | |
| Basic commands | 402 | |
| Build / train | 75 | |
| Enter build submenu | 50 | |
| Enter hero's abilities submenu | 6 | |
| Give item / drop item | 2 | |
| Remove unit from queue | 3 | |
| Right click | 642 | |
| Select / deselect | 430 | |
| Select group hotkey | 315 | |
| Use ability | 95 | |
2244 total
» units
| Peon | 20 | |
| Grunt | 5 | |
| Forest Troll Shadow Priest | 1 | |
| Troll Batrider | 4 | |
| Wind Rider | 15 | |
| Demolisher | 4 | |
49 total
» upgrades
| Reinforced Defenses | 1 | |
| Ranged Weapons | 3 | |
| Armor | 3 | |
| Envenomed Spears | 1 | |
| Burning Oil | 1 | |
9 total
» buildings
| Orc Burrow | 8 | |
| Altar of Storms | 2 | |
| Barracks | 5 | |
| Voodoo Lounge | 1 | |
| Stronghold | 1 | |
| War Mill | 2 | |
| Beastiary | 4 | |
| Fortress | 1 | |
| Great Hall | 3 | |
| Watch Tower | 26 | |
53 total
» build order
00:12 Orc Burrow
00:52 Altar of Storms
01:05 Orc Burrow
01:08 Altar of Storms
01:09 Barracks
01:38 Voodoo Lounge
02:51 Stronghold
04:13 Orc Burrow
04:20 War Mill
05:12 Beastiary
05:12 Beastiary
09:31 Fortress
09:56 Great Hall
09:59 Great Hall
10:02 Watch Tower
10:02 Watch Tower
10:03 Watch Tower
10:04 Watch Tower
10:04 Watch Tower
10:05 Watch Tower
10:05 Watch Tower
10:14 Watch Tower
12:49 Beastiary
12:51 Beastiary
13:25 Orc Burrow
13:26 Orc Burrow
13:30 Orc Burrow
13:39 War Mill
14:51 Watch Tower
14:51 Watch Tower
14:56 Watch Tower
15:45 Watch Tower
15:55 Watch Tower
17:04 Watch Tower
17:51 Watch Tower
17:51 Watch Tower
17:53 Watch Tower
17:54 Watch Tower
18:05 Watch Tower
18:07 Watch Tower
22:31 Barracks
22:32 Barracks
22:33 Barracks
22:34 Barracks
22:52 Orc Burrow
22:56 Orc Burrow
24:29 Great Hall
24:31 Watch Tower
24:32 Watch Tower
24:32 Watch Tower
24:33 Watch Tower
24:33 Watch Tower
24:34 Watch Tower
» items
| Healing Salve | 2 | |
| Orb of Lightning | 1 | |
| Staff of Teleportation | 1 | |
| Periapt of Vitality | 1 | |
5 total
Chat log
(00:08 / Allies) pbg123456789: casters knights
(00:12 / Allies) pbg123456789: get units, we need to control middle
(00:15 / Allies) pbg123456789: creep red fast
(00:23 / Allies) TheJukeBox: sir yes sir!
(00:26 / Allies) HAWTL00Tt(=_=t): I prefer to creep by myself
(00:36 / Allies) HAWTL00Tt(=_=t): when your mom is changing
(00:39 / Allies) ApolloSC: i'll hh
(01:07 / Allies) pbg123456789: taurens would be nice
(01:19 / Allies) ApolloSC: already got knights
(01:24 / Allies) ApolloSC: but we'll see
(02:48 / All) TheJukeBox: fuck off
(02:58 / All) TheJukeBox: we dont want your bibles
(03:13 / All) airforlife: lol
(04:44 / Allies) pbg123456789: jo
(04:44 / Allies) pbg123456789: expo
(05:43 / Allies) HAWTL00Tt(=_=t): dun need no help
(05:49 / Allies) TheJukeBox: independent women
(05:51 / Allies) TheJukeBox: i swear
(06:29 / Allies) TheJukeBox: so we gonna mid?
(06:33 / Allies) pbg123456789: yeah
(07:03 / Allies) ApolloSC: wyv
(08:27 / Allies) pbg123456789: hh
(08:28 / Allies) pbg123456789: hh
(08:56 / Allies) pbg123456789: pally
(10:11 / Allies) TheJukeBox: burrows
(11:56 / All) wombat: gg
(12:05 / All) HAWTL00Tt(=_=t): leave my expo be, punk
(12:28 / Allies) HAWTL00Tt(=_=t): lumber please
(12:33 / Allies) ApolloSC: i need too
(12:42 / Allies) ApolloSC: thx
(13:13 / Allies) HAWTL00Tt(=_=t): LUMBER PLEASE
(13:27 / Allies) pbg123456789: u have 400
(14:16 / All) pbg123456789: gg
(15:11 / All) DURANTS-A-THUG: game is over and ur still trying so hard
(15:13 / Allies) HAWTL00Tt(=_=t): wood please
(15:30 / All) pbg123456789: leave
(16:02 / Allies) pbg123456789: getting hakw
(16:04 / All) pbg123456789: hawk comign
(16:19 / Allies) HAWTL00Tt(=_=t): wood please
(16:48 / Allies) HAWTL00Tt(=_=t): wood plese
(17:28 / Allies) TheJukeBox: lol
(17:49 / Allies) pbg123456789: wait for hack
(17:53 / Allies) pbg123456789: purp
(17:55 / Allies) pbg123456789: just why
(17:56 / Allies) pbg123456789: ?
(17:57 / Allies) HAWTL00Tt(=_=t): WOOD
(18:07 / Allies) pbg123456789: u have 283 dude
(18:09 / Allies) pbg123456789: i have 129
(18:12 / Allies) pbg123456789: why do u want it?
(18:13 / Allies) TheJukeBox: why are you tking
(18:18 / Allies) HAWTL00Tt(=_=t): you had tons
(18:34 / Allies) pbg123456789: loof ofr me
(18:35 / Allies) pbg123456789: i am getting hqawk
(18:36 / Allies) TheJukeBox: hurry with hawks pls
(18:44 / Allies) TheJukeBox: serously purple
(18:49 / Allies) TheJukeBox: meh w/e
(19:29 / Allies) pbg123456789: get a life man
(19:49 / Allies) pbg123456789: lol
(20:33 / Allies) pbg123456789: lol
(20:34 / Allies) pbg123456789: purp
(20:37 / Allies) pbg123456789: u need to see a doctor
(20:39 / All) DURANTS-A-THUG: leave homo
(20:40 / Allies) pbg123456789: u are moron
(20:43 / Allies) HAWTL00Tt(=_=t): GIVE WOOD
(20:45 / Allies) HAWTL00Tt(=_=t): OR THIS TEAM WILL LOSE
(20:46 / Allies) pbg123456789: u must have 5 years old
(20:49 / Allies) pbg123456789: virgin
(21:00 / Allies) HAWTL00Tt(=_=t): LUMBER HOARDER
(21:23 / All) pbg123456789: lucky u purp is tkin
(21:24 / Allies) HAWTL00Tt(=_=t): IF I DONT HIT 2k LUMBER I DONT STOP KILLING
(21:25 / All) DURANTS-A-THUG: leave
(21:26 / All) DURANTS-A-THUG: nigger
(21:31 / Allies) pbg123456789: cause hes noob
(21:34 / All) pbg123456789: cause hes noob
(21:36 / All) pbg123456789: and virgin
(21:38 / All) DURANTS-A-THUG: leave
(21:39 / All) DURANTS-A-THUG: nigger
(21:50 / All) HAWTL00Tt(=_=t): PAY UP THE WOOD OR WE ARE ALL DOOMED
(21:57 / Allies) pbg123456789: lol
(21:59 / Allies) pbg123456789: fuck u moron
(22:03 / Allies) pbg123456789: hope u get ban
(22:31 / All) DURANTS-A-THUG: ojs turn
(23:36 / All) ApolloSC: this is a weird fuckin game
(23:39 / All) DURANTS-A-THUG: out
(26:09 / All) DURANTS-A-THUG: this is what u get for microing burrows in 4v4 orange
(26:53 / All) HAWTL00Tt(=_=t): yes I do I'm in the red
(27:01 / All) HAWTL00Tt(=_=t): go make 5 expos
(27:12 / All) DURANTS-A-THUG: i mean it sjust oj
(27:15 / All) DURANTS-A-THUG: is he really a threat
(27:19 / All) HAWTL00Tt(=_=t): he just got raped
(27:30 / All) HAWTL00Tt(=_=t): siege warfare is expensive
(27:45 / All) DURANTS-A-THUG: shoulda told me i wanted to see
(27:58 / All) HAWTL00Tt(=_=t): you can check da repaly
(28:29 / All) HAWTL00Tt(=_=t): he's just not used to dealing with a bastard like me
(28:49 / All) DURANTS-A-THUG: my team were babies
(28:55 / All) HAWTL00Tt(=_=t): they folded like lawn chairs
(30:02 / All) HAWTL00Tt(=_=t): Brb
(33:05 / All) HAWTL00Tt(=_=t): orange
(33:08 / All) HAWTL00Tt(=_=t): what do you think about this
(33:11 / All) HAWTL00Tt(=_=t): what transpired here
(33:18 / All) HAWTL00Tt(=_=t): are you shocked and confused?
(33:20 / All) DURANTS-A-THUG: oj def a try hard. he micro'd his burroes vs my bats
(33:22 / All) DURANTS-A-THUG: spammed them